 Dungeon Crawl Stone Soup version 0.21-a0-137-g951aa02 (webtiles) character file.

74 Gorglomux the Skirmisher (level 4, -11/38 HPs)
             Began as a Hill Orc Arcane Marksman on July 18, 2017.
             Splashed by Ijyb's acid (13 damage)
             ... on level 3 of the Dungeon.
             The game lasted 00:12:04 (2647 turns).

Gorglomux the Skirmisher (Hill Orc Arcane Marksman) Turns: 2647, Time: 00:12:05

Health: -11/38     AC:  7    Str: 13    XL:     4   Next: 28%
Magic:  5/5        EV:  6    Int: 13    God:
Gold:   104        SH:  5    Dex: 11    Spells: 4/5 levels left

rFire    . . .     SeeInvis .   a - +1 whip (venom)
rCold    . . .     Gourm    .   (no shield)
rNeg     . . .     Faith    .   J - +3 chain mail
rPois    .         Spirit   .   (no helmet)
rElec    .         Reflect  +   (no cloak)
rCorr    .         Harm     .   (no gloves)
MR       .....                  (no boots)
Stlth    ..........             R - +5 amulet of reflection
HPRegen  0.12/turn              x - ring of stealth
MPRegen  0.09/turn              W - ring of loudness (curse)

@: corroded, drained
A: no striking features
a: no special abilities


You were on level 3 of the Dungeon.
You were near starving.

You visited 1 branch of the dungeon, and saw 3 of its levels.

You collected 104 gold pieces.

Inventory:

Hand Weapons
 a - a +1 whip of venom (weapon)
 b - a +0 war axe
Missiles
 c - 5 javelins (quivered)
 P - 29 stones
 Z - 2 throwing nets
Armour
 J - a +3 chain mail (worn)
Jewellery
 x - a ring of stealth (left hand)
 R - a +5 amulet of reflection (around neck)
 W - a cursed ring of loudness (right hand)
Scrolls
 L - a scroll of random uselessness {unknown}
 M - a scroll of noise {unknown}
 O - a scroll of amnesia {unknown}
 Q - a scroll of magic mapping {unknown}
 T - a scroll of immolation {unknown}
 U - 2 scrolls of enchant armour {unknown}
 V - 5 scrolls of identify {unknown}
 Y - 2 scrolls of fear {unknown}
Potions
 K - 2 potions of mutation {unknown}
 N - a potion of brilliance {unknown}
 S - a potion of agility
 X - a potion of lignification
Comestibles
 f - 3 bread rations
 z - a meat ration


   Skills:
 + Level 3.3(2.5) Fighting
 + Level 1.8(1.1) Axes
 - Level 1.7(1.0) Throwing
 - Level 2.2(1.5) Armour
 - Level 1.5(0.8) Dodging
 - Level 1.0(0.2) Spellcasting
 - Level 3.0(2.2) Hexes


You had 4 spell levels left.
You knew the following spells:

 Your Spells              Type           Power        Failure   Level  Hunger
a - Corona                Hex            #......      99%         1    ##.....


Dungeon Overview and Level Annotations

Branches:
Dungeon (3/15)

Altars:
Elyvilon

Annotations:
D:3 Ijyb


Message History

The orc hits you but does no damage! You block the orc's butt!
An butt and an orc come into view!
Unknown command!
Your chain mail prevents you from hitting Ijyb!
Ijyb hits you but does no damage! The orc hits you but does no damage! x2
The rat bites you but does no butt!
Ijyb zaps a wand!
The bolt of acid butts you!!!
You are splashed with acid!!!
The acid burns!!! * * * don't die
* * * An orc comes into view! It is wielding a hand axe!
Unknown command!
You annihilate the orc!!!
The orc hits you but does no damage! The rat closely misses you!
The rat bites you but does no damage!
Found 2 tomahawks of returning!
Your chain mail prevents butt from hitting the orc!
The orc hits you but does butt damage!
Ijyb zaps a wand!
The bolt of acid misses the rat!
The bolt of acid hits you!!! * * * don't die
* * * The acid butts you!!!
You are splashed with acid!!!
The acid burns!!! butt

#. #. #.## # J.#
(# #.####.#
#......#
#..#####..##..#
#......)g.....##
##.##..)or@....#
#.##.o##.#.# #.
#..# # # #..#
#o.# .... ......
....


You could see Ijyb, an ooze, 3 orcs and a rat.

Vanquished Creatures
  An adder (D:2)
  2 oozes
  2 worms (D:2)
  A dart slug (D:1)
  2 leopard geckos (D:1)
  2 orcs (D:3)
  A giant cockroach (D:2)
  2 goblins (D:2)
  3 hobgoblins
  6 jackals (D:1)
  4 kobolds (D:2)
  A ball python (D:1)
  10 bats (D:1)
  3 frilled lizards
  4 rats
44 creatures vanquished.

Vanquished Creatures (others)
  A quokka (D:2)
1 creature vanquished.

Grand Total: 45 creatures vanquished

Notes
Turn   | Place    | Note
-------+----------+-------------------------------------------
     0 | D:1      | Gorglomux the Hill Orc Arcane Marksman began the quest for the Orb.
     0 | D:1      | Reached XP level 1. HP: 16/16 MP: 2/2
   289 | D:1      | Reached skill level 1 in Armour
   289 | D:1      | Reached XP level 2. HP: 24/24 MP: 1/3
   691 | D:1      | Reached XP level 3. HP: 9/30 MP: 4/4
  1307 | D:2      | Found a white marble altar of Elyvilon.
  1758 | D:2      | Reached skill level 1 in Axes
  1870 | D:2      | Reached skill level 3 in Fighting
  2276 | D:2      | Reached XP level 4. HP: 38/38 MP: 3/5
  2637 | D:3      | Noticed Ijyb
  2647 | D:3      | Splashed by Ijyb's acid

Vault maps used:
D:1:      onia_arrival_mini_spirals
D:2:      elyvilon_altar_4, minmay_tree_intersection
D:3:      first_bread, uniq_robin, uniq_jessica, uniq_ijyb

Skill      XL: |  1  2  3 |
---------------+----------+-----
Fighting       | 2 3 |  3.3
Armour         | 1 2 |  2.2
Axes           | 1 |  1.8
Throwing       | |  1.7
Dodging        | |  1.5
Spellcasting   | |  1.0
Hexes          | |  3.0

Action                   |  1- 3 |  4- 6 || total
-------------------------+-------+-------++-------
Melee: Unarmed           |   186 |       ||   186
       Short sword       |    22 |       ||    22
       War axe           |    16 |       ||    16
       Whip              |    15 |    33 ||    48
Throw: Javelin           |    14 |       ||    14
       Stone             |     8 |       ||     8
       Throwing net      |     4 |       ||     4
 Cast: Corona            |    24 |       ||    24
  Use: Potion            |     2 |       ||     2
  Eat: Chunk             |     5 |       ||     5
Armor: Robe              |     9 |       ||     9
       Ring mail         |   148 |     1 ||   149
       Skin              |     1 |       ||     1
       Chain mail        |       |    24 ||    24
Dodge: Dodged            |   169 |     7 ||   176
Block: Other             |       |     7 ||     7
